 Dungeon Crawl Stone Soup version 0.20-a0-1089-g3fde505 (webtiles) character file.

846 4thArraOfDagon the Martial Artist (level 8, -4/60 HPs)
             Began as a Barachi Monk on May 2, 2017.
             Was a Believer of Ashenzari.
             Slain by an ogre
             ... wielding a +0 giant club
              (21 damage)
             ... on level 7 of the Dungeon.
             The game lasted 00:07:40 (1532 turns).

4thArraOfDagon the Martial Artist (Barachi Monk)    Turns: 1532, Time: 00:07:40

Health: -4/60      AC: 10    Str: 10    XL:     8   Next: 0%
Magic:  8/8        EV: 13    Int: 13    God:    Ashenzari [**....]
Gold:   124        SH:  0    Dex: 15    Spells: 7/7 levels left

rFire    . . .     SeeInvis .     - Unarmed
rCold    . . .     Gourm    .   (no shield)
rNeg     . . .     Faith    .   c - +0 ring mail
rPois    .         Spirit   .   (helmet restricted)
rElec    .         Reflect  .   k - +2 cloak
rCorr    .         Harm     .   l - +1 pair of gloves
MR       .....                  (no boots)
Stlth    +.........             (no amulet)
Regen    0.2/turn               e - -2 ring of dexterity (curse)
MPRegen  0.2/turn               (no ring)

@: slow
A: +LOS, swims, antennae 1, talons 1, agile 1, slowness 1, weak 1, strong legs 1
a: Hop, Curse Item, Scrying, Renounce Religion


You were on level 7 of the Dungeon.
You worshipped Ashenzari.
Ashenzari was pleased with you.
You were very hungry.

You visited 1 branch of the dungeon, and saw 7 of its levels.

You collected 124 gold pieces.

Inventory:

Armour
 a - a +0 robe
 c - a +0 ring mail (worn)
 k - a +2 cloak (worn)
 l - a +1 pair of gloves (worn)
Jewellery
 e - a cursed -2 ring of dexterity (left hand)
Wands
 g - a wand of acid (0/15)
 m - a wand of digging (16/24)
Scrolls
 d - a scroll of identify
Potions
 i - 2 potions of flight
Comestibles
 b - 2 bread rations
 f - 2 meat rations
 j - 2 royal jellies


   Skills:
 - Level 4.0 Fighting
 + Level 6.3 Dodging
 - Level 1.7 Stealth
 * Level 8.4 Unarmed Combat


You had 7 spell levels left.
You didn't know any spells.

Dungeon Overview and Level Annotations

Branches:
Dungeon (7/15)
 Temple: D:4-7

Altars:
Ashenzari

Shops:
D:5 [   D:6 *

Portals:
Bailey: D:7


Innate Abilities, Weirdness & Mutations

Shadows flee at your approach. (+LOS)
You can swim through water.
You cover ground slowly.
You can hop short distances.
You have a pair of small antennae on your head.
You have sharp toenails.
You are agile. (Dex +2)
You are weak. (Str -2)


Message History

Unknown command.
Okay, then.
You feel better. The ogre completely misses you.
Okay, then.
You hit the ogre. You claw the ogre.
The ogre is moderately wounded.
You hit the ogre but do no damage. Your punch misses the ogre.
The ogre is moderately wounded.
The ogre hits you with a giant club!
You closely miss the ogre.
The ogre is lightly wounded.
The ogre hits you with a giant club!!
* * * LOW HITPOINT WARNING * * *
You closely miss the ogre. You claw the ogre, but do no damage.
The ogre is lightly wounded.
You barely miss the ogre. You claw the ogre, but do no damage.
The ogre is lightly wounded.
You are ready to hop once more.
The ogre hits you with a giant club!!
You die...

,* #.#
#.............# ,
#.###......######.#
,* #.....###.## #.#
, ####### #.# #.#
####.#### #.#
#.......# #.#
#.......# #.# ,
#......O# #.#
#......@# #.#
#.......####.#
##............#
##........######
####.....).###
#..........#
.##.......#
##.....## ##...##


You could see an ogre.

Vanquished Creatures
  A hippogriff (D:7)
  An orc warrior (D:7)
  A sky beast (D:7)
  2 ogres
  A water moccasin zombie (D:7)
  A crimson imp (D:6)
  An orc priest (D:6)
  A hound (D:4)
  2 orc wizards (D:7)
  A worker ant (D:4)
  6 adders
  An ooze (D:7)
  5 orcs
  2 giant cockroaches
  A goblin (D:3)
  4 jackals
  A kobold (D:3)
  A quokka (D:6)
  A ball python (D:6)
  2 bats (D:3)
  A quokka skeleton (D:5)
37 creatures vanquished.

Notes
Turn   | Place    | Note
-------+----------+-------------------------------------------
     0 | D:1      | 4thArraOfDagon the Barachi Monk began the quest for the Orb.
     0 | D:1      | Reached XP level 1. HP: 18/18 MP: 1/1
     0 | D:1      | Noticed an ogre
     1 | D:1      | Noticed a ghoul
     1 | D:1      | Noticed a human
     3 | D:1      | Noticed an elf
     5 | D:1      | Noticed an octopode
     6 | D:1      | Noticed a spriggan
     7 | D:1      | Noticed a minotaur
     8 | D:1      | Noticed a draconian
    10 | D:1      | Noticed a ghoul
    12 | D:1      | Noticed a minotaur
    13 | D:1      | Noticed a naga
    14 | D:1      | Noticed a naga
    16 | D:1      | Noticed a gargoyle
    16 | D:1      | Noticed an elf
    18 | D:1      | Noticed a minotaur
    19 | D:1      | Noticed a ghoul
    30 | D:2      | Reached XP level 2. HP: 22/25 MP: 2/2
   192 | D:4      | Reached skill level 4 in Unarmed Combat
   192 | D:4      | Reached XP level 3. HP: 30/30 MP: 3/3
   233 | D:4      | Reached XP level 4. HP: 18/37 MP: 4/4
   398 | D:5      | Entered Level 5 of the Dungeon
   505 | D:5      | Noticed an ogre
   560 | D:6      | Found Usyb's Serpentskin Sales.
   565 | D:6      | Reached skill level 5 in Unarmed Combat
   573 | D:6      | Reached XP level 5. HP: 33/42 MP: 5/5
   682 | D:6      | Noticed an ogre
   684 | D:6      | Killed an ogre
   684 | D:6      | Reached skill level 6 in Unarmed Combat
   684 | D:6      | Reached XP level 6. HP: 38/48 MP: 6/6
   783 | D:5      | Found Fujottan's Antique Armour Boutique.
   931 | D:7      | Reached skill level 5 in Dodging
   964 | D:7      | Found a flagged portal.
  1160 | D:7      | Reached skill level 7 in Unarmed Combat
  1160 | D:7      | Reached XP level 7. HP: 46/54 MP: 7/7
  1165 | D:7      | Found a shattered altar of Ashenzari.
  1170 | D:7      | Became a worshipper of Ashenzari the Shackled
  1170 | D:7      | Reached * piety under Ashenzari
  1170 | D:7      | Reached ** piety under Ashenzari
  1308 | D:7      | Noticed a hippogriff
  1328 | D:7      | Killed a hippogriff
  1328 | D:7      | Reached skill level 8 in Unarmed Combat
  1476 | D:7      | Reached XP level 8. HP: 16/60 MP: 8/8
  1479 | D:7      | Gained mutation: You have sharp toenails. [mutagenic meat]
  1480 | D:7      | Gained mutation: You have a pair of small antennae on your head. [mutagenic meat]
  1481 | D:7      | Gained mutation: You are agile. (Dex +2) [mutagenic meat]
  1482 | D:7      | Gained mutation: You are weak. (Str -2) [mutagenic meat]
  1532 | D:7      | Slain by an ogre

Vault maps used:
D:1:      shiori_arrival_whats_in_store_for_you
D:3:      wad_lake_hut, chequers_ecumenical_altar_island, grunt_ministairs_9
D:4:      first_bread, roderic_roman_lattice, uniq_robin
D:5:      serial_shops, kennysheep_mini_moat, nicolae_shop_trees, shop, shop
D:6:      minmay_temple_entry_enclosed_plants, guppyfry_shop_venom
D:7:      evilmike_ruin_ashenzari, enter_bailey_8

Skill      XL: |  1  2  3  4  5  6  7 |
---------------+----------------------+-----
Fighting       | 4 |  4.0
Unarmed Combat | 4 5 6 7 8 |  8.4
Dodging        | 4 5 6 |  6.3
Stealth        | |  1.7

Action                   |  1- 3 |  4- 6 |  7- 9 || total
-------------------------+-------+-------+-------++-------
Melee: Unarmed           |    46 |   187 |    73 ||   306
       Punch             |       |     1 |       ||     1
       Kick              |       |       |     3 ||     3
 Abil: Hop               |       |       |     1 ||     1
Evoke: Wand              |       |     2 |       ||     2
  Use: Potion            |     2 |     1 |     6 ||     9
       Scroll            |       |    10 |     1 ||    11
 Stab: Sleeping          |       |     1 |       ||     1
  Eat: Chunk             |       |     2 |     4 ||     6
Armor: Ring mail         |    15 |    68 |    35 ||   118
       Skin              |       |       |     3 ||     3
Dodge: Dodged            |    31 |    84 |    34 ||   149
